[Event "Czech open A"]
[Site "?"]
[Date "2013.07.24"]
[Round "6.92"]
[White "Jacko-Jun., Vladimir"]
[Black "Stahnecker, Ludwig"]
[Result "1-0"]
[ECO "D00"]
[WhiteElo "2271"]
[BlackElo "2117"]
[PlyCount "149"]
[EventDate "2013.??.??"]
[TimeControl "6000+1030"]
[WhiteClock "0:02:02"]
[BlackClock "0:02:37"]

1. d4 d5 2. Bg5 h6 3. Bh4 Bf5 4. e3 Nd7 5. c4 g5 6. Bg3 e6 7. Nc3 c6 8. Nf3
Ngf6 9. Be2 Ne4 10. Nxe4 Bxe4 11. O-O Bg7 12. Qb3 Qc8 13. Nd2 Bg6 14. Rac1 O-O
15. cxd5 exd5 16. Bd3 Bxd3 17. Qxd3 Nf6 18. f3 Re8 19. b4 Qe6 20. Bf2 Rac8 21.
b5 Qd7 22. bxc6 Rxc6 23. Rxc6 Qxc6 24. Nb3 Rc8 25. Rd1 Bf8 26. Bg3 Qc2 27. Qxc2
Rxc2 28. Rd2 Rxd2 29. Nxd2 Bb4 30. Nb3 Kf8 31. Kf2 Ke7 32. Ke2 Kd7 33. Be5 Ne8
34. Kd3 f6 35. Bb8 a6 36. e4 Kc6 37. Nc1 Bd6 38. Bxd6 Kxd6 39. Ne2 dxe4+ 40.
fxe4 h5 41. Ng3 Ng7 42. Nf1 b5 43. Ne3 Ke6 44. Nd5 Ne8 45. Nb4 Nc7 46. d5+ Kd6
47. Kd4 a5 48. Nc6 a4 49. Nd8 Na6 50. Nf7+ Ke7 51. Nh6 b4 52. Nf5+ Kd7 53. Kc4
b3 54. axb3 axb3 55. Kxb3 Nc5+ 56. Kc4 Nxe4 57. Kd4 Nd2 58. Ng3 Nb3+ 59. Kc3
Nc1 60. Nxh5 Kd6 61. Kd4 f5 62. Ng3 Nb3+ 63. Kc4 Nd2+ 64. Kc3 Nb1+ 65. Kd4 f4
66. Ne4+ Ke7 67. Nxg5 Nd2 68. Ke5 Nf1 69. h3 Ne3 70. Ne4 Nxg2 71. d6+ Kd7 72.
Nc5+ Kc6 73. d7 Kc7 74. Ke6 f3 75. Ke7 1-0

[Event "Czech open A"]
[Site "?"]
[Date "2013.07.25"]
[Round "7.45"]
[White "Kazakov, Konstantin"]
[Black "Malakhov, Igor"]
[Result "1/2-1/2"]
[ECO "B40"]
[WhiteElo "2307"]
[BlackElo "2442"]
[PlyCount "112"]
[EventDate "2013.??.??"]
[TimeControl "6000+605"]
[WhiteClock "1:26:20"]
[BlackClock "0:16:11"]

1. e4 c5 2. Nf3 e6 3. b3 b6 4. Bb2 Bb7 5. Nc3 d6 6. d4 Nd7 7. Be2 cxd4 8. Qxd4
Ngf6 9. O-O-O e5 10. Qd2 Be7 11. Ba3 Rc8 12. Bc4 Nc5 13. Bxc5 Rxc5 14. Bb5+
Rxb5 15. Nxb5 Nxe4 16. Qe1 O-O 17. Nc3 Qa8 18. Nxe4 Bxe4 19. Qe2 Rc8 20. Ne1
Qc6 21. f3 Bg6 22. h4 h5 23. Qd2 Qc5 24. Kb1 d5 25. g4 hxg4 26. fxg4 Be4 27.
Rh2 Qg1 28. g5 a5 29. Nd3 Qg4 30. Rf1 a4 31. Rhf2 axb3 32. axb3 Qxh4 33. Rxf7
Bxg5 34. Qe2 Bf6 35. Ra7 Qh3 36. Rc1 Rc3 37. Ra8+ Kf7 38. Kb2 Bxd3 39. Ra7+ Kg8
40. Ra8+ Kf7 41. Ra7+ Kg8 42. Ra8+ Kh7 43. cxd3 Rxd3 44. Rcc8 Kg6 45. Rh8 Rxb3+
46. Ka2 Qf3 47. Qc2+ Rd3 48. Rh2 e4 49. Rg2+ Bg5 50. Qc6+ Qf6 51. Qe8+ Kf5 52.
Qd7+ Ke5 53. Qc7+ Kf5 54. Qd7+ Ke5 55. Qc7+ Kf5 56. Qd7+ Ke5 1/2-1/2

[Event "Czech open A"]
[Site "?"]
[Date "2013.07.25"]
[Round "7.46"]
[White "Mammadov, Zaur"]
[Black "Zubritskiy, Artyom"]
[Result "1/2-1/2"]
[ECO "B22"]
[WhiteElo "2437"]
[BlackElo "2320"]
[PlyCount "114"]
[EventDate "2013.??.??"]
[TimeControl "6000+1325"]
[WhiteClock "0:50:01"]
[BlackClock "0:03:13"]

1. e4 c5 2. c3 d5 3. exd5 Qxd5 4. d4 Nf6 5. Nf3 e6 6. Na3 Nc6 7. Be3 Ng4 8. Bg5
Bd7 9. h3 Nf6 10. Bd3 cxd4 11. Nb5 Rc8 12. O-O a6 13. Bxf6 gxf6 14. Nbxd4 Nxd4
15. cxd4 Be7 16. Re1 f5 17. Bc2 O-O 18. Bb3 Qd6 19. d5 exd5 20. Bxd5 Rc7 21.
Qb3 Qb4 22. Qd3 Bf6 23. Ne5 Bg7 24. Nxd7 Rxd7 25. Qxf5 Rfd8 26. Bb3 Qb5 27. Qf3
Qc6 28. Re4 Qf6 29. Qg4 Re7 30. Rae1 Rxe4 31. Qxe4 b5 32. Re2 a5 33. a4 bxa4
34. Qxa4 Qg5 35. Re3 Rf8 36. Qc4 Kh8 37. Rf3 Qe7 38. Bc2 Bxb2 39. Re3 Qb4 40.
Qd5 Qh4 41. Qf5 Qh6 42. Qxa5 Bd4 43. Re2 Qc1+ 44. Kh2 Qh6 45. g3 Bg7 46. Qf5
Qg6 47. Qc5 Qa6 48. Re7 Qc8 49. Rc7 Qe6 50. Qh5 Qh6 51. Qg4 Qb6 52. Qf5 Qg6 53.
Qc5 Qe6 54. Qh5 Qh6 55. Qe2 Qd6 56. Qh5 Qh6 57. Qc5 Qe6 1/2-1/2

[Event "Czech open A"]
[Site "?"]
[Date "2013.07.25"]
[Round "7.47"]
[White "Dorst, Johannes"]
[Black "Vassallo Barroche, Mauricio"]
[Result "0-1"]
[ECO "B43"]
[WhiteElo "2236"]
[BlackElo "2434"]
[PlyCount "108"]
[EventDate "2013.??.??"]
[TimeControl "6000+940"]
[WhiteClock "0:23:39"]
[BlackClock "0:55:28"]

1. e4 c5 2. Nc3 e6 3. Nf3 a6 4. d4 cxd4 5. Nxd4 Qc7 6. Bd3 b5 7. O-O Bb7 8. Qe2
Nc6 9. Nxc6 Qxc6 10. f3 Bc5+ 11. Be3 Ne7 12. Qf2 Rc8 13. a4 b4 14. Na2 d6 15.
Nc1 Bxe3 16. Qxe3 Qc5 17. Qxc5 dxc5 18. Rd1 Ng6 19. Bf1 Ke7 20. Nb3 Rc7 21. Na5
Ra8 22. Rd2 Ne5 23. Rad1 g5 24. Rd6 Bc8 25. Nc4 Nxc4 26. Bxc4 Bd7 27. b3 a5 28.
e5 Bc6 29. Kf2 Rg8 30. g4 h6 31. Kg3 Rgc8 32. R1d2 Rd7 33. f4 Rxd6 34. exd6+
Kd7 35. f5 Re8 36. f6 Rg8 37. Bd3 Bd5 38. h4 Kxd6 39. hxg5 hxg5 40. Rh2 Ke5 41.
Rh6 Rc8 42. Kf2 c4 43. bxc4 Bxc4 44. Ke3 Bxd3 45. cxd3 Rd8 46. Rh1 Kxf6 47.
Rf1+ Kg6 48. Kd2 Rd4 49. Rc1 Rxg4 50. Rc5 Rg2+ 51. Ke3 Ra2 52. Rxa5 b3 53. Rb5
Rxa4 54. Rxb3 f5 0-1

[Event "Czech open A"]
[Site "?"]
[Date "2013.07.25"]
[Round "7.48"]
[White "Kupers, Stefan"]
[Black "Nagarajan, Raghavi"]
[Result "1-0"]
[ECO "C54"]
[WhiteElo "2432"]
[BlackElo "2097"]
[PlyCount "95"]
[EventDate "2013.??.??"]
[TimeControl "6000+1040"]
[WhiteClock "0:27:50"]
[BlackClock "0:28:56"]

1. e4 e5 2. Nf3 Nc6 3. Bc4 Bc5 4. c3 Nf6 5. d3 a6 6. Bb3 d6 7. Nbd2 O-O 8. h3
Ba7 9. Nf1 d5 10. exd5 Nxd5 11. Ng3 f6 12. O-O Be6 13. Re1 Qd7 14. Qe2 Bf7 15.
Bd2 Nde7 16. Bc2 Nf5 17. Ne4 Rad8 18. Rad1 Qd5 19. b3 Rfe8 20. Bc1 Nd6 21. Ng3
Qa5 22. Bd2 Qxa2 23. Rc1 Qa5 24. c4 Nb4 25. Nh4 Bc5 26. d4 exd4 27. Qg4 Re5 28.
Rxe5 fxe5 29. Ngf5 Nxf5 30. Nxf5 Bg6 31. Nh6+ gxh6 32. Bxg6 Qb6 33. Be4+ Kh8
34. Qf5 Qg6 35. Qxe5+ Qg7 36. Qxc5 Re8 37. Re1 Na2 38. Bxb7 Rxe1+ 39. Bxe1 Nc1
40. Qf5 Nxb3 41. f3 Qg5 42. Qf8+ Qg8 43. Qb4 Nc1 44. Bd5 Qe8 45. Qd2 Nb3 46.
Bf2 c5 47. Qxh6 Qe7 48. Bh4 1-0

[Event "Czech open A"]
[Site "?"]
[Date "2013.07.25"]
[Round "7.49"]
[White "Battey, Alexander"]
[Black "Sipila, Vilka"]
[Result "1-0"]
[ECO "E91"]
[WhiteElo "2304"]
[BlackElo "2423"]
[PlyCount "115"]
[EventDate "2013.??.??"]
[TimeControl "6000+1325"]
[WhiteClock "0:05:56"]
[BlackClock "1:01:39"]

1. d4 Nf6 2. c4 g6 3. Nc3 Bg7 4. e4 d6 5. Nf3 O-O 6. Be2 Na6 7. O-O e5 8. Be3
Ng4 9. Bg5 Qe8 10. dxe5 dxe5 11. h3 f6 12. Bc1 Nh6 13. Rb1 Nc5 14. b4 Ne6 15.
Re1 Nf7 16. b5 Qd7 17. Ba3 Qxd1 18. Rexd1 Re8 19. Nd5 Kh8 20. c5 c6 21. bxc6
bxc6 22. Ne3 Bf8 23. Rdc1 Nfd8 24. Nc4 Nxc5 25. Bxc5 Bxc5 26. Ncxe5 Bb6 27. Nc4
Rxe4 28. Bd3 Re8 29. Nxb6 axb6 30. Rxb6 Rxa2 31. Rb8 Bb7 32. Rb1 Ra7 33. Nd4
Rf8 34. Nb3 Ne6 35. Rxf8+ Nxf8 36. Nc5 Ba8 37. Rb8 Kg7 38. Be4 Ra5 39. Nb3 Ra4
40. Bf3 Nd7 41. Rc8 Ne5 42. Be2 g5 43. Nc5 Ra1+ 44. Kh2 Ra2 45. Ba6 Rxf2 46.
Rxa8 Ra2 47. Bb7 Rc2 48. Ne6+ Kg6 49. Ra3 Rc4 50. Ba6 Rc1 51. Nd4 f5 52. Nf3
Nf7 53. Re3 Kg7 54. Nd4 f4 55. Re6 c5 56. Nf5+ Kf8 57. Bb5 Rb1 58. Re8# 1-0

[Event "Czech open A"]
[Site "?"]
[Date "2013.07.25"]
[Round "7.50"]
[White "Adamek, Jiri"]
[Black "Stocek, Jiri"]
[Result "0-1"]
[ECO "A06"]
[WhiteElo "2290"]
[BlackElo "2576"]
[PlyCount "46"]
[EventDate "2013.??.??"]
[TimeControl "6000+620"]
[WhiteClock "0:41:51"]
[BlackClock "1:00:00"]

1. Nf3 d5 2. g3 Nc6 3. d4 Bf5 4. Bg2 Qd7 5. Nh4 Bh3 6. Bxh3 Qxh3 7. c3 e6 8.
Qd3 f6 9. e4 Nge7 10. Nd2 g5 11. Nhf3 O-O-O 12. Ng1 Qh5 13. exd5 Nxd5 14. Nc4
e5 15. Qf5+ Kb8 16. g4 Qf7 17. Nxe5 Qe8 18. Bxg5 Nxe5 19. dxe5 fxg5 20. O-O-O
Nxc3 21. Rxd8+ Qxd8 22. bxc3 Ba3+ 23. Kc2 Qd5 0-1

[Event "Czech open A"]
[Site "?"]
[Date "2013.07.25"]
[Round "7.51"]
[White "Cerveny, Petr"]
[Black "Harika, Dronavalli"]
[Result "1/2-1/2"]
[ECO "C15"]
[WhiteElo "2285"]
[BlackElo "2489"]
[PlyCount "101"]
[EventDate "2013.??.??"]
[TimeControl "6000+2225"]
[WhiteClock "0:18:50"]
[BlackClock "0:18:22"]

1. e4 e6 2. d4 d5 3. Nc3 Bb4 4. exd5 exd5 5. Bd3 c6 6. Nge2 Ne7 7. Ng3 O-O 8.
O-O Nd7 9. Re1 f5 10. Bg5 Nf6 11. Qe2 Ne4 12. Bxe7 Bxe7 13. f3 Bf6 14. fxe4
Bxd4+ 15. Kh1 Bxc3 16. bxc3 fxe4 17. Nxe4 dxe4 18. Bxe4 Qh4 19. g3 Qg4 20. Qxg4
Bxg4 21. Kg1 Rad8 22. Bd3 Rd7 23. Re5 g6 24. Rae1 Kg7 25. c4 Bf5 26. R1e3 Bh3
27. Re7+ Rf7 28. Rxd7 Bxd7 29. c5 Bf5 30. Bxf5 Rxf5 31. Re8 Rxc5 32. Re7+ Kf6
33. Rxb7 Rxc2 34. Rxh7 Rxa2 35. Rc7 Rc2 36. Rxa7 c5 37. Ra6+ Kf5 38. g4+ Kxg4
39. Rxg6+ Kf3 40. h4 Rd2 41. h5 Rd5 42. h6 Rh5 43. Rc6 Ke3 44. h7 Kd4 45. Rc7
c4 46. Kf2 Kd3 47. Kg3 c3 48. Kg4 Rh1 49. Kg5 c2 50. Kg6 Rg1+ 51. Kf7 1/2-1/2

[Event "Czech open A"]
[Site "?"]
[Date "2013.07.25"]
[Round "7.52"]
[White "Sipos, Istvan"]
[Black "Heimrath, Reiner"]
[Result "1-0"]
[ECO "A21"]
[WhiteElo "2471"]
[BlackElo "2280"]
[PlyCount "73"]
[EventDate "2013.??.??"]
[TimeControl "6000+1225"]
[WhiteClock "0:02:02"]
[BlackClock "0:01:15"]

1. c4 e5 2. Nc3 g6 3. Nf3 Bg7 4. d4 exd4 5. Nxd4 h6 6. g3 Ne7 7. Bg2 O-O 8. O-O
Nec6 9. Nxc6 dxc6 10. Bf4 Na6 11. Qc1 Kh7 12. Rb1 Qe7 13. b3 Re8 14. Re1 Be6
15. h4 Rad8 16. a3 Bf5 17. e4 Bg4 18. b4 Rd3 19. e5 Red8 20. Ne4 Rd1 21. Qc2
Rxb1 22. Qxb1 Bf5 23. Qc1 Bxe4 24. Bxe4 Qe6 25. c5 Nb8 26. h5 Nd7 27. Kg2 Re8
28. hxg6+ fxg6 29. Bxh6 Bxe5 30. Bf3 Qf5 31. Rh1 Kg8 32. Qc4+ Qf7 33. Qh4 Bf6
34. Bg5 Qg7 35. Bd1 Re5 36. Qc4+ Kf8 37. Bh6 1-0

[Event "Czech open A"]
[Site "?"]
[Date "2013.07.25"]
[Round "7.53"]
[White "Jorczik, Julian Marcel"]
[Black "Braeuer, Franz"]
[Result "0-1"]
[ECO "E15"]
[WhiteElo "2422"]
[BlackElo "2275"]
[PlyCount "106"]
[EventDate "2013.??.??"]
[TimeControl "6000+1220"]
[WhiteClock "0:01:11"]
[BlackClock "0:19:11"]

1. d4 Nf6 2. Nf3 e6 3. c4 b6 4. g3 Ba6 5. Nbd2 d5 6. Bg2 Be7 7. O-O O-O 8. Qc2
c5 9. dxc5 bxc5 10. Re1 Nc6 11. cxd5 exd5 12. b3 Re8 13. Bb2 Rc8 14. Rad1 Qb6
15. Qf5 Rcd8 16. Rc1 h6 17. a3 Na5 18. Qc2 d4 19. e3 d3 20. Qc3 Bf8 21. e4 Rb8
22. Rb1 Nxb3 23. Ba1 c4 24. Nxc4 Qc5 25. Ncd2 Nxa1 26. Qxa1 Rxb1 27. Qxb1 Qxa3
28. e5 Nd5 29. Ne4 Bb4 30. Rc1 Nc3 31. Nxc3 Bxc3 32. Bf1 d2 33. Rd1 Bxf1 34.
Kxf1 Qa6+ 35. Kg2 Qe2 36. Qc2 Rd8 37. Qb3 a5 38. Qb6 Rd3 39. Qb8+ Kh7 40. Qb7
Bxe5 41. Rxd2 Rxd2 42. Nxd2 Qxd2 43. Qe4+ g6 44. Qxe5 Qb4 45. Qe8 Qc4 46. h4 h5
47. Qe7 a4 48. f4 Qb3 49. Qe4 a3 50. f5 Qb2+ 51. Kh3 a2 52. Qe7 Kg7 53. fxg6
Qf6 0-1

[Event "Czech open A"]
[Site "?"]
[Date "2013.07.25"]
[Round "7.54"]
[White "Karavade, Eesha"]
[Black "Kelkar, Abhishek"]
[Result "1/2-1/2"]
[ECO "A48"]
[WhiteElo "2398"]
[BlackElo "2274"]
[PlyCount "47"]
[EventDate "2013.??.??"]
[TimeControl "6000+970"]
[WhiteClock "0:31:11"]
[BlackClock "0:32:46"]

1. d4 Nf6 2. Nf3 g6 3. c4 Bg7 4. Nc3 d6 5. e4 O-O 6. h3 Nbd7 7. Be3 e5 8. d5
Nc5 9. Qc2 a5 10. Be2 Nh5 11. g3 f5 12. Nd2 f4 13. Bxc5 dxc5 14. g4 Nf6 15. g5
Nh5 16. Bxh5 gxh5 17. Nf3 Ra6 18. O-O-O Rg6 19. Rdg1 Kf7 20. Ne2 b6 21. Kb1 Bh8
22. Nc1 Rfg8 23. Nd3 Qd6 24. Qd1 1/2-1/2

[Event "Czech open A"]
[Site "?"]
[Date "2013.07.25"]
[Round "7.55"]
[White "Golubov, Saveliy"]
[Black "Talla, Vladimir"]
[Result "1/2-1/2"]
[ECO "B92"]
[WhiteElo "2242"]
[BlackElo "2394"]
[PlyCount "96"]
[EventDate "2013.??.??"]
[TimeControl "6000+1335"]
[WhiteClock "0:06:27"]
[BlackClock "0:02:43"]

1. e4 c5 2. Nf3 d6 3. d4 cxd4 4. Nxd4 Nf6 5. Nc3 a6 6. Be2 e5 7. Nb3 Be7 8. O-O
O-O 9. Re1 Be6 10. Bf3 Qc7 11. Be3 Rc8 12. h3 Nbd7 13. a4 h6 14. Nd2 Qc6 15.
Nb3 Nb6 16. Na5 Qc7 17. Re2 Nbd7 18. Nb3 Bc4 19. Rd2 b5 20. a5 Nc5 21. Nxc5
dxc5 22. b3 Be6 23. Nd5 Bxd5 24. exd5 Bd6 25. c3 Rf8 26. Qc2 Rae8 27. Be2 e4
28. Rdd1 Nh7 29. Qd2 f5 30. f4 exf3 31. Bxf3 Nf6 32. Re1 Ne4 33. Bxe4 fxe4 34.
Rf1 Qe7 35. Rxf8+ Rxf8 36. Bf2 Qe5 37. g3 Rf3 38. Re1 Rxc3 39. Rxe4 Qxe4 40.
Qxc3 Qxd5 41. Qe3 c4 42. bxc4 bxc4 43. Qb6 c3 44. Qxa6 Kh7 45. Qe2 Qf5 46. a6
c2 47. Qc4 Ba3 48. a7 c1=Q+ 1/2-1/2

[Event "Czech open A"]
[Site "?"]
[Date "2013.07.25"]
[Round "7.56"]
[White "Seger, Ruediger"]
[Black "Bystrov, Sergej M"]
[Result "1/2-1/2"]
[ECO "C41"]
[WhiteElo "2393"]
[BlackElo "2273"]
[PlyCount "38"]
[EventDate "2013.??.??"]
[TimeControl "6000+730"]
[WhiteClock "0:56:22"]
[BlackClock "0:41:02"]

1. e4 d6 2. d4 Nf6 3. Nc3 e5 4. Nf3 Nbd7 5. Bc4 Be7 6. O-O O-O 7. Re1 c6 8. a4
a5 9. b3 Qc7 10. Ba3 Nb6 11. Be2 Bg4 12. h3 Bh5 13. Nh4 Bxe2 14. Rxe2 g6 15.
Nf3 Rfe8 16. Qd2 Nh5 17. g3 Rad8 18. Qe1 Ng7 19. Rd1 exd4 1/2-1/2

[Event "Czech open A"]
[Site "?"]
[Date "2013.07.25"]
[Round "7.57"]
[White "Barthel, Ansgar"]
[Black "Zwardon, Vojtech"]
[Result "1/2-1/2"]
[ECO "B35"]
[WhiteElo "2230"]
[BlackElo "2391"]
[PlyCount "62"]
[EventDate "2013.??.??"]
[TimeControl "6000+1610"]
[WhiteClock "0:26:36"]
[BlackClock "0:46:47"]

1. e4 c5 2. Nf3 Nc6 3. d4 cxd4 4. Nxd4 g6 5. Nc3 Bg7 6. Be3 Nf6 7. Bc4 O-O 8.
Bb3 a5 9. a4 Ng4 10. Nxc6 Nxe3 11. Nxd8 Nxd1 12. Nd5 e6 13. Ne7+ Kh8 14. Rxd1
Rxd8 15. c3 d6 16. Nxc8 Raxc8 17. Rd3 Rc6 18. Kd1 Kg8 19. Kc2 Kf8 20. f4 Rc5
21. Rf1 b5 22. f5 bxa4 23. Bxa4 Rc4 24. Bb3 Rxe4 25. fxe6 f5 26. Bd5 Re2+ 27.
Rd2 Rxd2+ 28. Kxd2 Rb8 29. g4 Rb5 30. c4 Rxb2+ 31. Kd3 Rb3+ 1/2-1/2

[Event "Czech open A"]
[Site "?"]
[Date "2013.07.25"]
[Round "7.58"]
[White "Gergel, Vladimir"]
[Black "Usmanov, Vasily"]
[Result "1/2-1/2"]
[ECO "B67"]
[WhiteElo "2229"]
[BlackElo "2386"]
[PlyCount "47"]
[EventDate "2013.??.??"]
[TimeControl "6000+1085"]
[WhiteClock "0:20:39"]
[BlackClock "1:05:38"]

1. e4 c5 2. Nf3 Nc6 3. d4 cxd4 4. Nxd4 Nf6 5. Nc3 d6 6. Bg5 e6 7. Qd2 a6 8.
O-O-O Bd7 9. f4 b5 10. Kb1 Qb6 11. Bxf6 gxf6 12. Nxc6 Bxc6 13. Qe1 Be7 14. Bd3
Qc5 15. f5 Qe5 16. Qf2 b4 17. Ne2 a5 18. Nd4 Qc5 19. Rhf1 Bd7 20. Be2 e5 21.
Nb5 Qxf2 22. Rxf2 Bxb5 23. Bxb5+ Kf8 24. Bc6 1/2-1/2

[Event "Czech open A"]
[Site "?"]
[Date "2013.07.25"]
[Round "7.59"]
[White "Druska, Juraj"]
[Black "Jacko-Jun., Vladimir"]
[Result "0-1"]
[ECO "A49"]
[WhiteElo "2385"]
[BlackElo "2271"]
[PlyCount "74"]
[EventDate "2013.??.??"]
[TimeControl "6000+2110"]
[WhiteClock "0:02:50"]
[BlackClock "0:10:23"]

1. d4 Nf6 2. Nf3 g6 3. g3 Bg7 4. Bg2 O-O 5. O-O d6 6. a4 Re8 7. Nc3 Nc6 8. a5
a6 9. e4 h6 10. h3 e5 11. Be3 exd4 12. Nxd4 Bd7 13. Qd2 Kh7 14. f4 Nxd4 15.
Bxd4 c5 16. Bf2 Bc6 17. Rfe1 Qc7 18. Bf3 Rad8 19. Kg2 Rd7 20. g4 Rde7 21. Qd3
c4 22. Qxc4 Nxe4 23. Nxe4 d5 24. Nf6+ Bxf6 25. Qb4 d4 26. Qd2 Bxf3+ 27. Kxf3
Qc6+ 28. Kg3 Qb5 29. b3 d3 30. Rxe7 Rxe7 31. Re1 Rc7 32. cxd3 Bc3 33. Qc2 Bxa5
34. Qd1 Bxe1 35. Bxe1 Rd7 36. d4 Qf1 37. f5 Re7 0-1

[Event "Czech open A"]
[Site "?"]
[Date "2013.07.25"]
[Round "7.60"]
[White "Pasiev, Rakhim"]
[Black "Sochacki, Wojtek"]
[Result "1-0"]
[ECO "D34"]
[WhiteElo "2384"]
[BlackElo "2264"]
[PlyCount "101"]
[EventDate "2013.??.??"]
[TimeControl "6000+1115"]
[WhiteClock "0:39:46"]
[BlackClock "0:53:38"]

1. c4 e6 2. Nf3 d5 3. g3 c5 4. Bg2 Nc6 5. O-O Nf6 6. cxd5 exd5 7. d4 Be7 8. Nc3
O-O 9. Bg5 c4 10. Ne5 Be6 11. e3 Qb6 12. Bxf6 Bxf6 13. Nxd5 Bxd5 14. Nd7 Qd8
15. Nxf6+ gxf6 16. e4 Be6 17. d5 Ne5 18. dxe6 fxe6 19. Qe2 Kh8 20. Qe3 Qb6 21.
Qxb6 axb6 22. Rfd1 Rfd8 23. f4 Nd3 24. Rd2 b5 25. Rad1 Rxa2 26. Bf1 Ra6 27.
Bxd3 Rad6 28. Kf2 cxd3 29. Ke3 Rc6 30. Rxd3 Rxd3+ 31. Rxd3 Rc2 32. Rd2 Rc7 33.
Rd6 Rc2 34. Rxe6 Kg7 35. Re7+ Kg8 36. b4 Rc4 37. Rxb7 Rxb4 38. f5 h5 39. h3
Rb3+ 40. Kf4 Rb1 41. g4 b4 42. e5 Rf1+ 43. Kg3 fxe5 44. Rxb4 hxg4 45. hxg4 Kf7
46. Kh4 Ke7 47. Rb6 Re1 48. Kg5 Re4 49. Kh5 Kf7 50. g5 Re1 51. Rb7+ 1-0

[Event "Czech open A"]
[Site "?"]
[Date "2013.07.25"]
[Round "7.61"]
[White "Seyb, Alexander"]
[Black "Linster, Philippe"]
[Result "1/2-1/2"]
[ECO "C89"]
[WhiteElo "2380"]
[BlackElo "2253"]
[PlyCount "62"]
[EventDate "2013.??.??"]
[TimeControl "6000+1055"]
[WhiteClock "0:17:46"]
[BlackClock "0:20:16"]

1. e4 e5 2. Nf3 Nc6 3. Bb5 a6 4. Ba4 Nf6 5. O-O Be7 6. Re1 b5 7. Bb3 O-O 8. c3
d5 9. exd5 Nxd5 10. Nxe5 Nxe5 11. Rxe5 c6 12. d3 Bd6 13. Re1 Bf5 14. Qf3 Qd7
15. Bxd5 cxd5 16. Bf4 Bxf4 17. Qxf4 Bxd3 18. Nd2 Rfe8 19. Re3 Rxe3 20. Qxe3 Bg6
21. Re1 f6 22. Qd4 Re8 23. Rxe8+ Bxe8 24. f3 Qe6 25. Kf2 Bg6 26. a3 Qf5 27. a4
bxa4 28. Qxa4 Qd3 29. Qd4 Qb5 30. b4 a5 31. bxa5 Qxa5 1/2-1/2

[Event "Czech open A"]
[Site "?"]
[Date "2013.07.25"]
[Round "7.62"]
[White "Wenninger, Philipp"]
[Black "Akkozov, Berik"]
[Result "0-1"]
[ECO "A45"]
[WhiteElo "2229"]
[BlackElo "2377"]
[PlyCount "134"]
[EventDate "2013.??.??"]
[TimeControl "5400+1075"]
[WhiteClock "0:07:33"]
[BlackClock "0:04:55"]

1. d4 Nf6 2. Bg5 d5 3. Bxf6 exf6 4. g3 c6 5. Bg2 Qb6 6. b3 a5 7. c3 Be6 8. e3
a4 9. b4 Bd6 10. Ne2 Qc7 11. Nd2 Nd7 12. Qc2 g6 13. a3 O-O 14. c4 dxc4 15. Nxc4
f5 16. O-O Rfc8 17. Rac1 Nb6 18. Nd2 h5 19. Qd3 Qe7 20. f3 Rd8 21. e4 h4 22.
Qe3 Bc7 23. Rc3 Rd7 24. Rd1 Rad8 25. Rdc1 hxg3 26. hxg3 fxe4 27. fxe4 Bg4 28.
Bf3 Bxf3 29. Nxf3 Re8 30. e5 Nd5 31. Qh6 Nxc3 32. Nxc3 Qf8 33. Qh3 f5 34. exf6
Rh7 35. Qg4 Qxf6 36. Ne4 Qg7 37. Rf1 Rf8 38. Neg5 Rh6 39. Ne6 Qd7 40. Qg5 Qxe6
41. Qxh6 Qd6 42. Rf2 Qxg3+ 43. Rg2 Bf4 44. Rxg3 Bxh6 45. Rxg6+ Kh7 46. Rg3 Rg8
47. Rxg8 Kxg8 48. Ne1 Bc1 49. Nc2 Kf7 50. Kf2 Ke6 51. Ke2 Kd5 52. Kd3 b5 53.
Kc3 Ke4 54. Ne1 Be3 55. Nd3 Bxd4+ 56. Kc2 Kd5 57. Ne1 Kc4 58. Nf3 Bc3 59. Ng5
Bxb4 60. axb4 Kxb4 61. Nf3 c5 62. Nd2 Ka5 63. Kc3 Kb6 64. Ne4 Kc6 65. Nf6 b4+
66. Kc4 a3 67. Ne4 a2 0-1

[Event "Czech open A"]
[Site "?"]
[Date "2013.07.25"]
[Round "7.63"]
[White "Klenburg, Mikhail"]
[Black "Koykka, Pekka"]
[Result "1/2-1/2"]
[ECO "A00"]
[WhiteElo "2368"]
[BlackElo "2250"]
[PlyCount "196"]
[EventDate "2013.??.??"]
[TimeControl "6000+1020"]
[WhiteClock "0:14:26"]
[BlackClock "0:01:10"]

1. g3 d5 2. Bg2 c6 3. Nf3 Bg4 4. O-O Nd7 5. d4 e6 6. Nbd2 Ngf6 7. Re1 Be7 8. e4
O-O 9. c3 Bh5 10. a4 Bg6 11. exd5 cxd5 12. a5 Rc8 13. Nf1 Be4 14. Bf4 Ne8 15.
N1d2 Bd3 16. Ne5 Nxe5 17. dxe5 Nc7 18. Be3 a6 19. Bb6 Qd7 20. Nf3 Bb5 21. Nd4
Na8 22. Ba7 Bc5 23. Bxc5 Rxc5 24. Qd2 b6 25. b4 Rc7 26. Nxb5 axb5 27. a6 Ra7
28. Bf1 Qc6 29. Ra3 Nc7 30. Rea1 Rfa8 31. h4 h6 32. Qd4 Rxa6 33. Rxa6 Rxa6 34.
Rxa6 Nxa6 35. Bd3 Kf8 36. h5 Nc7 37. g4 Qb7 38. Kg2 Qa6 39. Qf4 Qb7 40. Kg3 Qc6
41. Qd4 Qb7 42. Be2 Qa6 43. f3 Ke8 44. Kf2 Kf8 45. Qd3 Qa2 46. Qd4 Qc2 47. Ke1
Ke7 48. Bd3 Qc1+ 49. Ke2 Kd8 50. Bh7 Ke8 51. Kf2 Kd8 52. Kg2 Ke8 53. Kf2 Kd8
54. Ke2 Ke8 55. Bd3 Kd8 56. f4 Qh1 57. Kd2 Kc8 58. Be2 Kb7 59. Qf2 Qa1 60. Bd3
Qh1 61. Qe3 Qh2+ 62. Kc1 Ka6 63. Qf3 Kb7 64. Bc2 Ka7 65. Qe3 Qg2 66. Bd1 Kb7
67. Be2 Kc6 68. Bf3 Qa2 69. Bd1 Qg2 70. Be2 Qe4 71. Qf2 Kb7 72. Kd2 Qh1 73. Bd3
Qh3 74. Be2 Qh1 75. Bf3 Qb1 76. Qe3 Qf1 77. g5 Qb1 78. Bd1 Qf5 79. Qg3 Qe4 80.
Bf3 Qb1 81. Be2 d4 82. Bf3+ Ka7 83. cxd4 Qxb4+ 84. Ke2 Qxd4 85. gxh6 gxh6 86.
Qh4 Qc4+ 87. Kf2 b4 88. Qd8 b3 89. Qc8 Qc2+ 90. Kg3 Nd5 91. Qd7+ Ka6 92. Qa4+
Kb7 93. Qd7+ Kb8 94. Qe8+ Qc8 95. Qb5 Qc3 96. Qe8+ Qc8 97. Qb5 Qc3 98. Qe8+ Qc8
1/2-1/2

[Event "Czech open A"]
[Site "?"]
[Date "2013.07.25"]
[Round "7.64"]
[White "Suran, Jan"]
[Black "Matsenko, Andrei"]
[Result "1/2-1/2"]
[ECO "B10"]
[WhiteElo "2362"]
[BlackElo "2235"]
[PlyCount "83"]
[EventDate "2013.??.??"]
[TimeControl "6000+800"]
[WhiteClock "0:24:05"]
[BlackClock "0:37:48"]

1. e4 c6 2. Ne2 d5 3. e5 c5 4. d4 Nc6 5. c3 Bf5 6. dxc5 e6 7. Nd4 Bxb1 8. Rxb1
Bxc5 9. Nxc6 bxc6 10. Qg4 g6 11. Bd3 Qc7 12. O-O h5 13. Qe2 Kf8 14. b4 Be7 15.
c4 Kg7 16. cxd5 cxd5 17. Be3 Nh6 18. Rfc1 Qd8 19. Rc6 Nf5 20. Bxf5 gxf5 21. b5
h4 22. h3 Qa5 23. Ra6 Qc7 24. Rc1 Qb8 25. Rac6 Kg6 26. Qd3 Rd8 27. Rc7 Re8 28.
Bd4 Bd8 29. Rd7 Re7 30. Rxe7 Bxe7 31. a4 Qd8 32. Qc3 Bg5 33. Rc2 Bf4 34. a5 Rb8
35. Qf3 Bg5 36. b6 axb6 37. axb6 Rxb6 38. Bxb6 Qxb6 39. Rc8 Kg7 40. g3 Qa6 41.
Rc3 Qa4 42. Kg2 1/2-1/2

[Event "Czech open A"]
[Site "?"]
[Date "2013.07.25"]
[Round "7.65"]
[White "Bartos, Jan"]
[Black "Vastrukhin, Oleg"]
[Result "1/2-1/2"]
[ECO "D93"]
[WhiteElo "2209"]
[BlackElo "2360"]
[PlyCount "33"]
[EventDate "2013.??.??"]
[TimeControl "5400+515"]
[WhiteClock "1:06:41"]
[BlackClock "1:10:14"]

1. d4 Nf6 2. c4 g6 3. Nc3 d5 4. Nf3 Bg7 5. Bf4 O-O 6. e3 c6 7. h3 Bf5 8. Qb3
Qb6 9. c5 Qxb3 10. axb3 Nbd7 11. b4 a6 12. Nd2 Ne4 13. Ncxe4 dxe4 14. Nc4 Nf6
15. Nb6 Rad8 16. Bc7 Rde8 17. Bc4 1/2-1/2

[Event "Czech open A"]
[Site "?"]
[Date "2013.07.25"]
[Round "7.66"]
[White "Tomazini, Zan"]
[Black "Postupa, Pavel"]
[Result "0-1"]
[ECO "B87"]
[WhiteElo "2344"]
[BlackElo "2229"]
[PlyCount "88"]
[EventDate "2013.??.??"]
[TimeControl "6000+1035"]
[WhiteClock "0:30:33"]
[BlackClock "0:35:26"]

1. e4 c5 2. Nf3 d6 3. d4 cxd4 4. Nxd4 Nf6 5. Nc3 a6 6. Bc4 e6 7. Bb3 b5 8. Qf3
Bb7 9. O-O Nbd7 10. Re1 Be7 11. Bxe6 fxe6 12. Nxe6 Ne5 13. Qg3 Qd7 14. Nxg7+
Kf7 15. Nf5 Rag8 16. Qe3 Rxg2+ 17. Kxg2 Qxf5 18. Kf1 Qh5 19. Qg5 Qxh2 20. Qh6
Nh5 21. Re3 Ke8 22. Nd1 Ng4 23. Qe6 Nxe3+ 24. Bxe3 Qh1+ 25. Ke2 Qxe4 26. Qxe4
Bxe4 27. a4 b4 28. c3 bxc3 29. Nxc3 Bb7 30. Ra3 Kd7 31. Rb3 Kc8 32. a5 Nf6 33.
Na4 Nd5 34. Nb6+ Nxb6 35. Rxb6 Kc7 36. Kd2 Rf8 37. Rb4 h5 38. Rc4+ Kd7 39. Rb4
Bc6 40. Rb6 Ra8 41. Rb3 h4 42. Bf4 Bb5 43. Rh3 Bf6 44. b4 Re8 0-1